 Dungeon Crawl Stone Soup version 0.28.0 (webtiles) character file.

Game seed: 2252703128438958159

29 Prodoman the Magician (level 3, 21/24 HPs)
             Began as a Demonspawn Hedge Wizard on Feb 4, 2022.
             Quit the game on level 1 of the Dungeon.
             The game lasted 00:06:32 (1227 turns).

Prodoman the Magician (Demonspawn Hedge Wizard)     Turns: 1227, Time: 00:06:33

Health: 21/24      AC:  2    Str: 10    XL:     3   Next: 1%
Magic:  0/7        EV: 12    Int: 17    God:
Gold:   39         SH:  0    Dex: 12    Spells: 5/8 levels left

rFire   . . .      SeeInvis .   a - +0 dagger
rCold   . . .      Faith    .   (no shield)
rNeg    . . .      Spirit   .   b - +0 robe
rPois   .          Reflect  .   c - +0 hat
rElec   .          Harm     .   (no cloak)
rCorr   .          Rampage  .   (no gloves)
Will    .....                   (no boots)
Stlth   ++........              (no amulet)
HPRegen 0.08/turn               (no ring)
MPRegen 0.10/turn               (no ring)

@: no status effects
A: claws 1, ignite blood 1
a: no special abilities


You were on level 1 of the Dungeon.
You visited 1 branch of the dungeon, and saw 1 of its levels.

You collected 39 gold pieces.

Inventory:

Hand Weapons
 a - a +0 dagger (weapon)
 h - a +0 antimagic hand axe
Armour
 b - a +0 robe (worn)
 c - a +0 hat (worn)
Scrolls
 e - a scroll of fear {unknown}
Potions
 d - a potion of lignification {unknown}
 f - a potion of heal wounds {unknown}
 g - a potion of curing {unknown}


   Skills:
 + Level 2.0 Dodging
 - Level 2.0 Stealth
 * Level 3.2 Spellcasting
 + Level 1.4 Conjurations
 + Level 0.4 Hexes
 - Level 1.3 Summonings
 - Level 1.1 Translocations
 + Level 0.3 Fire Magic


You had 5 spell levels left.
You knew the following spells:

 Your Spells              Type           Power      Damage    Failure   Level
a - Magic Dart            Conj           28%        1d4       10%         1
b - Foxfire               Conj/Fire      20%        2x1d5     12%         1
c - Slow                  Hex            16%        N/A       14%         1

Your spell library contained the following spells:

 Spells                   Type           Power      Damage    Failure   Level
 Call Imp                 Summ           7%         N/A       14%         2
 Blink                    Tloc           12%        N/A       16%         2
 Conjure Flame            Conj/Fire      5%         6-21      36%         3
 Mephitic Cloud           Conj/Pois/Air  4%         N/A       38%         3


Dungeon Overview and Level Annotations

Branches:
Dungeon (1/15)

Altars:

Shops:
D:1 [?((:


Innate Abilities, Weirdness & Mutations

You have sharp fingernails.
Your demonic aura sometimes causes spilled blood to erupt in flames.


Message History

You miscast Magic Dart.
You are very lightly contaminated with residual magic.
Nothing appears to happen.
Casting: Magic Dart (safe; 11% risk of failure)
Confirm with . or Enter, or press ? or * to list all spells.
Aiming: Magic Dart (safe; 11% risk of failure)
Press: ? - help, Shift-Dir - straight line, f/p - dart slug
Aim: a dart slug (moderately wounded, 100% to hit)
The magic dart hits the dart slug.
The dart slug is heavily wounded.
Casting: Magic Dart (safe; 11% risk of failure)
Confirm with . or Enter, or press ? or * to list all spells.
Aiming: Magic Dart (safe; 11% risk of failure)
Press: ? - help, Shift-Dir - straight line, f/p - dart slug
Aim: a dart slug (heavily wounded, 100% to hit)
The magic dart hits the dart slug but does no damage.
The dart slug is heavily wounded.
The dart slug launches a dart at you. The slug dart misses you.
Unknown command.
Casting: Magic Dart (safe; 11% risk of failure)
Confirm with . or Enter, or press ? or * to list all spells.
Aiming: Magic Dart (safe; 11% risk of failure)
Press: ? - help, Shift-Dir - straight line, f/p - dart slug
Aim: a dart slug (heavily wounded, 100% to hit)
The magic dart hits the dart slug.
The dart slug is almost dead.
The dart slug launches a dart at you. The slug dart misses you.
You hit the dart slug.
You kill the dart slug!
Your magical contamination has completely faded away.
You have reached level 3!
Your experience leads to an increase in your attributes!
Increase (S)trength, (I)ntelligence, or (D)exterity?
You feel clever. x2
You feel monstrous as your demonic heritage exerts itself.
Your demonic ancestry asserts itself...
Your fingernails lengthen.
Are you sure you want to abandon this character and quit the game? (Confirm with "yes".)

#####.....#.....##.##..#.........
..........#......#'##..#.#..###..
#####.....#............#.#..###..
..........#......................
######....#................####..
..........'............#.#.# #..
######...##......#+##..#.#.####..
#...##............#.........
#...##.....@#.##.##.#.####..
#...##......#.......∩.......
#...##......####.##.#.####..
###########.####.##.#.####..
.......†..#.......
...................
.#######.#.#######.. .. #.#....#
##. #. ####'''## #.


There were no monsters in sight!

Vanquished Creatures
  4 dart slugs (D:1)
  An endoplasm (D:1)
  4 hobgoblins (D:1)
  4 jackals (D:1)
  2 ball pythons (D:1)
  3 bats (D:1)
  3 rats (D:1)
21 creatures vanquished.

Vanquished Creatures (others)
  A fungus (D:1)
  2 plants (D:1)
3 creatures vanquished.

Grand Total: 24 creatures vanquished

Notes
Turn   | Place    | Note
-------+----------+-------------------------------------------
     0 | D:1      | Prodoman the Demonspawn Hedge Wizard began the quest for
                  | the Orb.
     0 | D:1      | Reached XP level 1. HP: 13/13 MP: 4/4
    13 | D:1      | Found Hoebra's Antique Weapon Shop.
    59 | D:1      | Reached skill level 1 in Translocations
   227 | D:1      | Found Liptuz's Book Boutique.
   233 | D:1      | Gained mutation: Your demonic aura sometimes causes spilled
                  | blood to erupt in flames. [demonic ancestry]
   233 | D:1      | Reached XP level 2. HP: 13/19 MP: 1/6
   525 | D:1      | Found a faded altar of an unknown god.
   536 | D:1      | Got Plato's Disquisition on the Arsonist
   540 | D:1      | Learned a level 1 spell: Foxfire
   542 | D:1      | Learned a level 1 spell: Slow
   560 | D:1      | Found Muteemit's Weapon Emporium.
   752 | D:1      | Found Osukhefa's Magic Scroll Shoppe.
   784 | D:1      | Found Fasas's Antique Armour Shoppe.
  1227 | D:1      | Discovered your monstrous ancestry.
  1227 | D:1      | Gained mutation: You have sharp fingernails. [demonic
                  | ancestry]
  1227 | D:1      | Reached XP level 3. HP: 21/24 MP: 0/7
  1227 | D:1      | Quit the game

Illustrated notes

Levels and vault maps discovered:
D:1:      kennysheep_arrival_forest, layout_basic,
          shapermc_ecumenical_altar_rom_forum, serial_shops, shop,
          nicolae_shop_advertising_works [nicolae_subvault_shop_adworks],
          nicolae_shop_crystal, shop_fountains, shop

Skill      XL: |  1  2 |
---------------+-------+-----
Translocations | 1 |  1.1
Stealth        | 2 |  2.0
Dodging        | 2 |  2.0
Spellcasting   | |  3.2
Conjurations   | |  1.4
Hexes          | |  0.4
Summonings     | |  1.3
Fire Magic     | |  0.3

Action                   || total
-------------------------++-------
Melee: Dagger            ||    26
       Punch             ||     2
 Cast: Magic Dart        ||    58
Armor: Robe              ||    11
Dodge: Dodged            ||    25
